 Dungeon Crawl Stone Soup version 0.31.0-9-g3a7656b989 (webtiles) character file.

Game seed: 11401334388692434713

48 Kass the Shooter (level 3, -9/27 (28) HPs)
             Began as a Human Hunter on Jan 30, 2024.
             Mangled by Crazy Yiuf
             ... wielding a +4 quarterstaff of chaos
              (12 damage)
             ... on level 2 of the Dungeon.
             The game lasted 00:02:56 (892 turns).

Kass the Shooter (Human Hunter)                      Turns: 892, Time: 00:02:57

HP:   -9/27 (28)    AC:  4    Str: 11    XL:     3   Next: 72%
MP:   3/3           EV: 12    Int:  9    God:
Gold: 86            SH:  0    Dex: 18    Spells: 2/2 levels left

rFire   . . .        a - +0 shortbow
rCold   . . .        (shield currently unavailable)
rNeg    . . .        c - +0 leather armour
rPois   .            (no helmet)
rElec   .            (no cloak)
rCorr   .            (no gloves)
SInv    .            d - +0 pair of boots
Will    .....        i - amulet of the acrobat
Stlth   ++           (no ring)
HPRegen 0.24/turn    (no ring)
MPRegen 0.08/turn

%: acrobat
@: lightly drained
A: explore regen
a: no special abilities


You were on level 2 of the Dungeon.
You visited 1 branch of the dungeon, and saw 2 of its levels.

You collected 86 gold pieces.

Inventory:

Hand Weapons
 a - a +0 shortbow (weapon)
Armour
 c - a +0 leather armour (worn)
 d - a +0 pair of boots (worn)
Jewellery
 i - an amulet of the acrobat (around neck)
Scrolls
 b - a scroll of butterflies
 e - 2 scrolls of teleportation {unknown}
 f - 3 scrolls of identify {unknown}
 g - a scroll of fear {unknown}
 j - a scroll of blinking {unknown}
Potions
 h - a potion of attraction {unknown}


   Skills:
 + Level 2.6 Fighting
 + Level 4.3 Ranged Weapons
 + Level 2.5 Dodging
 + Level 2.0 Stealth


You had 2 spell levels left.
You didn't know any spells.
Your spell library was empty.

Dungeon Overview and Level Annotations

Branches:
Dungeon (2/15)

Altars:

Annotations:
D:2 Crazy Yiuf


Innate Abilities, Weirdness & Mutations

You regain HP and MP as you explore.


Message History

You kill the rat!
j - a scroll labelled LOIQYTZYPLI
Found a stone staircase leading up.
You see here 3 stones.
Found three hammers.
Found a runed translucent door.
You see here a +0 hammer.
You open the door.
Fire: a) +0 shortbow
Press: ? - help, Q - select action Shift-Dir - straight line, f - Crazy Yiuf
Aim: Crazy Yiuf, wielding a +4 quarterstaff of chaos and wearing a +1 cloak (asleep, 98% to hit)
You shoot an arrow.
The arrow hits Crazy Yiuf but does no damage.
Crazy Yiuf shouts!
Crazy Yiuf whimpers, "Castle ena shrimp!"
Fire: a) +0 shortbow
Press: ? - help, Q - select action Shift-Dir - straight line, f/p - Crazy Yiuf
Aim: Crazy Yiuf, wielding a +4 quarterstaff of chaos and wearing a +1 cloak (68% to hit)
You shoot an arrow. The arrow hits Crazy Yiuf.
Crazy Yiuf is moderately wounded.
Fire: a) +0 shortbow
Press: ? - help, Q - select action Shift-Dir - straight line, f/p - Crazy Yiuf
Aim: Crazy Yiuf, wielding a +4 quarterstaff of chaos and wearing a +1 cloak (moderately wounded, 68% to hit)
You shoot an arrow. The arrow hits Crazy Yiuf.
Crazy Yiuf is moderately wounded.
Crazy Yiuf hits you with a +4 quarterstaff of chaos!
Fire: a) +0 shortbow
Press: ? - help, Q - select action Shift-Dir - straight line, f/p - Crazy Yiuf
Aim: Crazy Yiuf, wielding a +4 quarterstaff of chaos and wearing a +1 cloak (moderately wounded, 68% to hit)
You shoot an arrow. The arrow hits Crazy Yiuf!
Crazy Yiuf is almost dead.
Crazy Yiuf hits you with a +4 quarterstaff of chaos!
* * * LOW HITPOINT WARNING * * *
You feel drained.
* * * LOW HITPOINT WARNING * * *
Fire: a) +0 shortbow
Press: ? - help, Q - select action Shift-Dir - straight line, f/p - Crazy Yiuf
Aim: Crazy Yiuf, wielding a +4 quarterstaff of chaos and wearing a +1 cloak (almost dead, 68% to hit)
You shoot an arrow. The arrow closely misses Crazy Yiuf.
Crazy Yiuf hits you with a +4 quarterstaff of chaos!
You die...

....# #....#
#........#..
....# ##..##
#........#).
.l.<# ♣....♣
#........#..
....# ♣♣...♣
#........###
...K# ♣♣.♣♣
........###
....# ♣♣.♣
...........
..$.# ♣.♣♣
...........
....# ♣♣.♣
########...
..... ♣@♣♣
#... .....
#g# ##.#
b###.# .).
#.# #...#
#.# #)..#
#.# #####
#.#
#######'#
.........
.........


You could see Crazy Yiuf.

Vanquished Creatures
  An adder (D:2)
  6 ball pythons
  4 endoplasms
  A goblin (D:2)
  7 hobgoblins
  3 jackals (D:1)
  2 kobolds (D:1)
  A quokka (D:2)
  4 bats
  2 frilled lizards (D:2)
  3 rats
34 creatures vanquished.

Notes
Turn   | Place    | Note
-------+----------+-------------------------------------------
     0 | D:1      | Kass the Human Hunter began the quest for the Orb.
     0 | D:1      | Reached XP level 1. HP: 16/16 MP: 1/1
   156 | D:1      | Reached XP level 2. HP: 22/22 MP: 2/2
   312 | D:1      | Reached XP level 3. HP: 28/28 MP: 3/3
   883 | D:2      | Found a runed translucent door.
   884 | D:2      | Noticed Crazy Yiuf
   892 | D:2      | Mangled by Crazy Yiuf

Illustrated notes

Levels and vault maps discovered:
D:1:      onia_arrival_pyramid, layout_loops_ring, st_stairs_7
D:2:      layout_basic, uniq_crazy_yiuf_cottage

Skill      XL: |  1  2  3 |
---------------+----------+-----
Stealth        | 2 |  2.0
Fighting       | |  2.6
Ranged Weapons | |  4.3
Dodging        | |  2.5

Action                     || total
---------------------------++-------
   Fire: Shortbow          ||    83
 Armour: Leather armour    ||    19
  Dodge: Dodged            ||    16
